 Dungeon Crawl Stone Soup version 0.27-a0-1188-g73eefd5def (webtiles) character file.

Game seed: 16381339509711311325

63 Lemonice the Ducker (level 3, -8/28 HPs)
             Began as a Demonspawn Gladiator on May 21, 2021.
             Killed from afar by Ijyb (19 damage)
             ... with an iceblast
             ... on level 3 of the Dungeon.
             The game lasted 00:02:36 (2097 turns).

Lemonice the Ducker (Demonspawn Gladiator)          Turns: 2097, Time: 00:02:37

Health: -8/28      AC:  4    Str: 15    XL:     3   Next: 87%
Magic:  0/3        EV: 12    Int:  9    God:
Gold:   90         SH:  0    Dex: 14    Spells: 2/2 levels left

rFire    . . .     SeeInvis .   a - +0 war axe
rCold    . . .     Faith    .   (no shield)
rNeg     . . .     Spirit   +   b - +0 leather armour
rPois    +         Reflect  .   c - +0 helmet
rElec    .         Harm     .   (no cloak)
rCorr    .         Rampage  .   (no gloves)
Will     +....                  (no boots)
Stlth    +.........             u - amulet of guardian spirit
HPRegen  0.09/turn              l - ring of willpower
MPRegen  0.08/turn              f - ring of poison resistance

@: no status effects
A: claws 1
a: no special abilities


You were on level 3 of the Dungeon.
You visited 1 branch of the dungeon, and saw 3 of its levels.

You collected 90 gold pieces.

Inventory:

Hand Weapons
 a - a +0 war axe (weapon)
Missiles
 d - 3 throwing nets (quivered)
Armour
 b - a +0 leather armour (worn)
 c - a +0 helmet (worn)
 t - a +0 pair of gloves
Jewellery
 f - a ring of poison resistance (right claw)
 j - a ring of magical power
 k - a ring of protection from cold
 l - a ring of willpower (left claw)
 u - an amulet of guardian spirit (around neck)
Scrolls
 h - a scroll of fear {unknown}
 i - a scroll of amnesia {unknown}
 n - 2 scrolls of enchant weapon {unknown}
 o - a scroll of teleportation {unknown}
 p - a scroll of identify {unknown}
 q - a scroll of noise {unknown}
 r - a scroll of enchant armour {unknown}
Potions
 e - 2 potions of curing {unknown}
 g - a potion of heal wounds {unknown}
 m - a potion of attraction {unknown}
 s - a potion of cancellation {unknown}


   Skills:
 + Level 2.7 Fighting
 + Level 3.2 Axes
 - Level 1.7 Throwing
 + Level 1.3 Armour
 + Level 3.2 Dodging


You had 2 spell levels left.
You didn't know any spells.
Your spell library was empty.

Dungeon Overview and Level Annotations

Branches:
Dungeon (3/15)

Altars:

Shops:
D:2 (

Annotations:
D:3 Ijyb


Innate Abilities, Weirdness & Mutations

You have sharp fingernails.


Message History

Ijyb hits you with a +0 club.
You slash Ijyb!
Ijyb is moderately wounded.
An adder comes into view.
Ijyb hits you with a +0 club. The kobold barely misses you.
You hit Ijyb.
Ijyb is heavily wounded.
You miss the kobold. Ijyb barely misses you. The kobold barely misses you.
You barely miss Ijyb.
Ijyb is heavily wounded.
You completely miss the kobold. Ijyb misses you. The kobold barely misses you.
You hit Ijyb but do no damage.
Ijyb is moderately wounded.
You hit the kobold.
You kill the kobold!
Ijyb misses you. Ijyb hits you with a +0 club.
You are too injured to fight recklessly!
You are too injured to fight recklessly!
You are too injured to fight recklessly!
You are too injured to fight recklessly!
You are too injured to fight recklessly!
You are too injured to fight recklessly!
You are too injured to fight recklessly!
You are too injured to fight recklessly!
You are too injured to fight recklessly!
You are too injured to fight recklessly!
You are too injured to fight recklessly!
Unknown command.
The adder barely misses you.
You hit the adder.
The adder is moderately wounded.
The adder closely misses you. The adder barely misses you.
You hit the adder but do no damage.
The adder is moderately wounded.
The adder barely misses you. The adder bites you but does no damage.
You slash the adder!
You kill the adder!
Ijyb zaps a wand.
The mass of ice explodes!
The iceblast engulfs you!!
Ouch! That really hurt!
You die...

.). ..# .. #.# #.# .
#.#.#.# . # #.#.#.#
.#.# #...#.# #..##
#########.###.##8..8##
#..........)..........
#.#.......###.w)..>...
#.##...###.@.g##8..8#.
#.###### #.#### w.##
#.# #.. ... #.# #
###### .#. #.# #.
....# # #.#
####.##.#.#
#†#.#.........#
#.#.#.##.#....# #.#
.....#....####..


You could see Ijyb and a worm.

Vanquished Creatures
  2 adders
  An orc (D:3)
  5 bats (D:1)
  5 endoplasms
  A giant cockroach (D:2)
  8 goblins
  8 hobgoblins
  4 ball pythons
  4 frilled lizards
  5 kobolds
  5 rats
48 creatures vanquished.

Notes
Turn   | Place    | Note
-------+----------+-------------------------------------------
     0 | D:1      | Lemonice the Demonspawn Gladiator began the quest for the
                  | Orb.
     0 | D:1      | Reached XP level 1. HP: 16/16 MP: 1/1
   158 | D:1      | Gained mutation: You have sharp fingernails. [demonic
                  | ancestry]
   158 | D:1      | Reached XP level 2. HP: 20/22 MP: 2/2
  1031 | D:2      | Reached skill level 1 in Armour
  1035 | D:2      | Reached XP level 3. HP: 16/28 MP: 3/3
  1608 | D:2      | Found Ucliec's Antique Weapon Boutique.
  2081 | D:3      | Noticed Ijyb
  2097 | D:3      | Killed from afar by Ijyb

Illustrated notes

Levels and vault maps discovered:
D:1:      wander_arrival_fairy_ring, layout_rooms, kennysheep_nondescript
D:2:      layout_basic, serial_shops, nicolae_shop_stone, serial_park_tiny_pond
D:3:      layout_basic, nicolae_ashenzari_skybound, basic_ecumenical_altar,
          st_stairs_6, grunt_ministairs_3, nicolae_underground_beach, uniq_ijyb,
          uniq_robin

Skill      XL: |  1  2 |
---------------+-------+-----
Dodging        | 3 |  3.2
Axes           | 3 |  3.2
Armour         | 1 |  1.3
Fighting       | |  2.7
Throwing       | |  1.7

Action                   || total
-------------------------++-------
Melee: War axe           ||   129
 Stab: Sleeping          ||     1
Armor: Leather armour    ||    48
Dodge: Dodged            ||    95

Table legend: (Time is in decaauts)
 A = Elapsed time spent in this place.
 B = Non-inter-level travel time spent in this place.
 C = Inter-level travel time spent in this place.
 D = Time resting spent in this place.
 E = Time spent auto-exploring this place.
 F = Levels seen in this place.
 G = Mean time per level.
                   A        B        C        D        E       F      G
               +--------+--------+--------+--------+--------+-----+--------+
         Total |   2140 |   2105 |     35 |      0 |   1774 |   3 |  713.3 |
       Dungeon |   2140 |   2105 |     35 |      0 |   1774 |   3 |  713.3 |
               +--------+--------+--------+--------+--------+-----+--------+

Top non-repeatable levels by time:
     D:2: 1143 daAuts
     D:1: 861 daAuts
     D:3: 134 daAuts
